 Seeded DCSS version 0.30-a0-364-gf6b3ef1049 (webtiles) character file.

Game seed: 15014602633729108710 (custom seed)

183 purpskrrrp the Ducker (level 5, -2/27 HPs)
             Began as a Spriggan Hunter on Nov 14, 2022.
             Slain by a bullfrog (4 damage)
             ... in a sewer.
             The game lasted 00:05:49 (1829 turns).

purpskrrrp the Ducker (Spriggan Hunter)             Turns: 1829, Time: 00:05:50

Health: -2/27      AC:  3    Str:  7    XL:     5   Next: 35%
Magic:  6/6        EV: 22    Int: 10    God:
Gold:   178        SH:  0    Dex: 27    Spells: 4/4 levels left

rFire   . . .      SeeInvis +    a - +0 shortbow
rCold   + . .      Faith    .    (shield currently unavailable)
rNeg    . . .      Spirit   .    c - +0 robe
rPois   .          Reflect  .    (helmet restricted)
rElec   .          Harm     .    e - +0 cloak
rCorr   .          Rampage  .    (gloves unavailable)
Will    .....                    (boots unavailable)
Stlth   +++.......               (no amulet)
HPRegen 0.24/turn                g - ring of protection from cold
MPRegen 0.10/turn                l - +6 ring of dexterity

@: very quick
A: very small, no large weapons, unfitting armour, see invisible, speed 3
a: no special abilities


You were in a sewer.
You visited 1 branch of the dungeon, and saw 3 of its levels.
You also visited: Sewer.

You collected 178 gold pieces.

Inventory:

Hand Weapons
 a - a +0 shortbow (weapon)
Armour
 c - a +0 robe (worn)
 e - a +0 cloak (worn)
Jewellery
 g - a ring of protection from cold (left hand)
 k - a ring of wizardry
 l - a +6 ring of dexterity (right hand)
 p - a ring of ice
Scrolls
 b - a scroll of immolation
 f - 2 scrolls of identify {unknown}
 i - a scroll of noise {unknown}
 j - a scroll of enchant weapon {unknown}
 o - a scroll of poison {unknown}
 q - a scroll of teleportation {unknown}
 r - a scroll of blinking {unknown}
Potions
 d - a potion of might {unknown}
 h - a potion of degeneration {unknown}
 m - a potion of invisibility {unknown}
 n - 3 potions of curing {unknown}


   Skills:
 + Level 2.5 Fighting
 + Level 4.6 Ranged Weapons
 * Level 5.1 Dodging
 + Level 3.9 Stealth


You had 4 spell levels left.
You didn't know any spells.
Your spell library contained the following spells:

 Spells                   Type           Power      Damage    Failure   Level
 Gell's Gravitas          Tloc           0%         N/A       75%         3
 Teleport Other           Tloc           0%         N/A       75%         3
 Dispersal                Tloc           0%         N/A       100%        6


Dungeon Overview and Level Annotations

Branches:
Dungeon (3/15)              Sewer (1/1)

Altars:
Sif Muna


Innate Abilities, Weirdness & Mutations

You are very small and have problems with some larger weapons.
You are too small for most types of armour.
You have supernaturally acute eyesight. (SInv)
You cover ground extremely quickly. (Speed+++)


Message History

You shoot an arrow. The arrow hits the endoplasm!
You kill the endoplasm!
A bullfrog comes into view.
You shoot an arrow.
The arrow closely misses the bullfrog. x2
You shoot an arrow. The arrow closely misses the bullfrog.
The arrow hits the bullfrog!
The bullfrog is heavily wounded.
The bullfrog misses you.
You shoot an arrow. The arrow hits the bullfrog!
The bullfrog is heavily wounded.
The bullfrog closely misses you. The bullfrog misses you.
The bullfrog barely misses you.
You shoot an arrow. The arrow hits the bullfrog!
The bullfrog is severely wounded.
The bullfrog hits you. The bullfrog misses you.
The bullfrog hits you but does no damage.
The bullfrog misses you.
You shoot an arrow. The arrow hits the bullfrog.
The bullfrog is severely wounded.
The bullfrog completely misses you. The bullfrog misses you.
The bullfrog barely misses you. x2
You shoot an arrow.
The arrow hits the bullfrog but does no damage.
The bullfrog is severely wounded.
The bullfrog hits you! The bullfrog barely misses you. x2
The bullfrog hits you.
You shoot an arrow. The arrow closely misses the bullfrog.
The bullfrog misses you. The bullfrog hits you.
The bullfrog completely misses you. x2
You shoot an arrow. The arrow hits the bullfrog.
The bullfrog is almost dead.
A quokka comes into view.
The bullfrog misses you. The bullfrog hits you.
* * * LOW HITPOINT WARNING * * *
The bullfrog misses you.
You shoot an arrow. The arrow closely misses the bullfrog.
The bullfrog misses you. The bullfrog hits you!
* * * LOW HITPOINT WARNING * * *
The bullfrog hits you.
You die...

##~~~~~#####~~~~.#
#.~~.###~~~###..~#
#~.~##~~..~~.##.~##
#~~##~~~~†~~.~##~~##
~~~#~~~~~~†~~~~~.~~#
.†##~~~#######.~~.~#
~~#~.~##
~~~~###~#######
~.#~.##
~~~~.~###~~~~~#
~##~~#
.~..r~F@#.†~~~#
~#~.##
:~.~##F.#..~~.#
~#~~# ? #.~#~~#~~#
~#~.# #~†#~~#~†#
~#~~# #~~##~#~.#
.#~.# #~~.#~#~~#
.#~~# #†~∩#~#.~#
~#~~## ##~~~#.#~~#
~##~~# #~~###~#~.#


You could see 2 bullfrogs and a quokka.

Vanquished Creatures
  6 adders
  A river rat (D:3)
  A shadow imp (D:3)
  A worm (D:2)
  5 dart slugs
  2 bats
  16 endoplasms
  15 giant cockroaches
  3 goblins
  4 hobgoblins
  6 quokkas
  15 ball pythons
  7 frilled lizards (Sewer)
  3 kobolds
  7 rats
92 creatures vanquished.

Notes
Turn   | Place    | Note
-------+----------+-------------------------------------------
     0 | D:1      | purpskrrrp the Spriggan Hunter began the quest for the Orb.
     0 | D:1      | Reached XP level 1. HP: 10/10 MP: 2/2
    54 | D:1      | Reached skill level 3 in Dodging
   131 | D:1      | Reached XP level 2. HP: 15/15 MP: 3/3
   958 | D:2      | Reached XP level 3. HP: 18/18 MP: 4/4
  1373 | D:3      | Reached skill level 4 in Dodging
  1394 | D:3      | Found a shimmering blue altar of Sif Muna.
  1420 | D:3      | Reached XP level 4. HP: 12/23 MP: 5/5
  1523 | D:3      | Found a glowing drain.
  1532 | Sewer    | Entered a sewer
  1674 | Sewer    | Reached XP level 5. HP: 26/26 MP: 6/6
  1709 | Sewer    | Reached skill level 5 in Dodging
  1829 | Sewer    | Slain by a bullfrog

Illustrated notes

Levels and vault maps discovered:
D:1:      tarquinn_simple_flora_water_f, layout_basic, serial_corexii_hall,
          corexii_hall_statues_l, corexii_hall_statues_t,
          chequers_hall_statues_y, corexii_hall_statues_i
D:2:      layout_loops_cross, amethyst_killhole, grunt_ministairs_2,
          hangedman_glass_teeth
D:3:      layout_rooms, nicolae_dithmenos_the_darkroom, zin_purify,
          mainiacjoe_overflow_boulevard, portal_sewer_entry_e, minmay_between,
          uniq_crazy_yiuf_cottage
Sewer:    sewer_frog_island_02

Skill      XL: |  1  2  3  4  5 |
---------------+----------------+-----
Dodging        | 3 4 5 |  5.1
Stealth        | 2 3 |  3.9
Fighting       | 2 |  2.5
Ranged Weapons | |  4.6

Action                   |  1- 3 |  4- 6 || total
-------------------------+-------+-------++-------
 Fire: Shortbow          |    85 |   129 ||   214
Armor: Robe              |     3 |     7 ||    10
Dodge: Dodged            |    22 |    71 ||    93

Table legend: (Time is in decaauts)
 A = Elapsed time spent in this place.
 B = Non-inter-level travel time spent in this place.
 C = Inter-level travel time spent in this place.
 D = Time resting spent in this place.
 E = Time spent auto-exploring this place.
 F = Levels seen in this place.
 G = Mean time per level.
                   A        B        C        D        E       F      G
               +--------+--------+--------+--------+--------+-----+--------+
         Total |   1342 |   1279 |     63 |     18 |    679 |   4 |  335.5 |
       Dungeon |   1026 |    963 |     63 |     18 |    670 |   3 |  342.0 |
         Sewer |    316 |    316 |      0 |      0 |      9 |   1 |  316.0 |
               +--------+--------+--------+--------+--------+-----+--------+

Top non-repeatable levels by time:
     D:1: 487 daAuts
     D:2: 395 daAuts
   Sewer: 316 daAuts
     D:3: 143 daAuts
